 Dungeon Crawl Stone Soup version 0.23.0-3-gf3c87f2 (webtiles) character file.

Game seed: 1615972027221448581

1138 Inarius the Skirmisher (level 8, -4/67 HPs)
             Began as a Mummy Wanderer on Feb 21, 2019.
             Was an Initiate of Gozag.
             Shot with an arrow by a centaur (8 damage)
             ... on level 6 of the Dungeon.
             The game lasted 00:11:10 (7346 turns).

Inarius the Skirmisher (Mummy Wanderer)             Turns: 7346, Time: 00:11:10

Health: -4/67      AC:  9    Str: 18    XL:     8   Next: 14%
Magic:  17/17      EV:  5    Int: 13    God:    Gozag
Gold:   182        SH:  7    Dex:  9    Spells: 7/7 levels left

rFire    x . .     SeeInvis .   a - +0 war axe
rCold    + . .     Gourm    .   f - +0 shield (curse)
rNeg     + + +     Faith    .   r - +0 chain mail
rPois    ∞         Spirit   .   (no helmet)
rElec    .         Reflect  .   (no cloak)
rCorr    .         Harm     .   (no gloves)
MR       +....                  (no boots)
Stlth    ..........             (no amulet)
HPRegen  0.21/turn              e - ring of stealth
MPRegen  0.15/turn              o - ring of magical power

@: about to teleport
A: no food or potions, fire vulnerability, cold resistance 1, negative energy
resistance 3, torment resistance, unbreathing
a: Potion Petition, Call Merchant, Bribe Branch, Renounce Religion


You were on level 6 of the Dungeon.
You worshipped Gozag.
Gozag was aware of your devotion.
You were not hungry.

You visited 2 branches of the dungeon, and saw 7 of its levels.

You collected 438 gold pieces.
You spent 216 gold pieces at shops.
You paid 40 gold pieces to Gozag.

Inventory:

Hand Weapons
 a - a +0 war axe (weapon)
 b - a +1 spear of piercing
Missiles
 n - 4 javelins (quivered)
Armour
 f - a cursed +0 shield (worn)
 r - a +0 chain mail (worn)
Jewellery
 e - a ring of stealth (left hand)
 g - an uncursed ring of flight
 o - a ring of magical power (right hand)
Scrolls
 c - a scroll of teleportation
 h - 5 scrolls of identify {unknown}
 i - a scroll of random uselessness {unknown}
 j - a scroll of enchant armour {unknown}
 l - 3 scrolls of remove curse {unknown}
 m - a scroll of amnesia {unknown}
 p - a scroll of magic mapping
 q - a scroll of immolation {unknown}


   Skills:
 * Level 7.4 Fighting
 * Level 3.8(3.9) Axes
 - Level 1.0(2.5) Polearms
 - Level 1.0 Throwing
 + Level 4.0 Armour
 + Level 2.5 Dodging
 - Level 1.0 Stealth
 + Level 0.3 Shields


You had 7 spell levels left.
You didn't know any spells.
Your spell library was empty.

Dungeon Overview and Level Annotations

Branches:
Dungeon (6/15)             Temple (1/1) D:4

Altars:
Ashenzari
Cheibriados
Elyvilon
Fedhas
Gozag
Hepliaklqana
Kikubaaqudgha
Makhleb
Okawaru
Ru
Sif Muna
Uskayaw
Vehumet
Xom
Yredelemnul
The Shining One
Jiyva

Shops:
D:5 [

Annotations:
D:3 2 runed translucent doors, Arum's ghost, amateur OpFi


Innate Abilities, Weirdness & Mutations

You do not eat or drink.
Your flesh is vulnerable to fire.
You are immune to poison.
Your flesh is cold resistant. (rC+)
You are immune to negative energy. (rN+++)
You are immune to unholy pain and torment.
You can survive without breathing.


Message History

You feel strangely unstable.
The bullfrog hits you but does no damage.
The bullfrog hits you but does no damage.
Your surroundings suddenly seem different.
A bullfrog comes into view.
The bullfrog croaks.
A centaur comes into view.
The centaur shouts!
You hear a shout!
The centaur wields a +0 shortbow.
The centaur shoots an arrow.
The arrow barely misses you.
Found an arrow.
Found a stone staircase leading down.
You see here an arrow.
As you read the scroll of teleportation, it crumbles to dust.
You feel strangely unstable.
The bullfrog hits you but does no damage.
A shadow imp comes into view.
The shadow imp shouts, "Fly, thou pandering tightly wound slime mould!"
The centaur shoots an arrow.
The arrow hits you!
You die...
Your body crumbles into a pile of gold.

.# $ #
####.##
.....>.####
#F(@.# ...#
#...c##..#
.### #§§.#
#.# .#
#§§§§ 5# #
#§§§§ # §
§§§ §§


You could see a bullfrog, a centaur and a shadow imp.

Vanquished Creatures
  An ice beast (D:5)
  A phantom (D:5)
  An ogre (D:5)
  A centaur (D:6)
  2 bullfrogs
  A scorpion (D:5)
  3 crimson imps
  4 orc priests
  A jelly (D:5)
  A worker ant (D:4)
  4 orc wizards
  A killer bee zombie (D:6)
  A mummy (D:5)
  4 gnolls
  6 adders
  An ooze (D:1)
  An adder skeleton (D:5)
  2 worms
  4 dart slugs
  2 leopard geckos
  16 orcs
  A ball python (Temple)
  7 bats
  5 giant cockroaches
  3 goblins
  9 hobgoblins
  5 jackals
  6 kobolds
  3 quokkas (D:3)
  5 frilled lizards
  A leopard gecko skeleton (D:5)
  2 rats (D:3)
105 creatures vanquished.

Notes
Turn   | Place    | Note
-------+----------+-------------------------------------------
     0 | D:1      | Inarius the Mummy Wanderer began the quest for the Orb.
     0 | D:1      | Inarius set off with the following items: a +2 spear, a +0
                  | ring mail, a scroll of teleportation
     0 | D:1      | Reached XP level 1. HP: 19/19 MP: 1/1
   347 | D:1      | Reached XP level 2. HP: 24/26 MP: 2/2
   643 | D:1      | Reached XP level 3. HP: 32/32 MP: 3/3
  1118 | D:1      | Reached skill level 5 in Fighting
  1529 | D:1      | Reached XP level 4. HP: 17/39 MP: 4/4
  1729 | D:2      | Found a snail-covered altar of Cheibriados.
  1757 | D:2      | Found an iron altar of Okawaru.
  2081 | D:2      | Reached skill level 1 in Axes
  2351 | D:2      | Found a burning altar of Makhleb.
  2351 | D:2      | Found a deep blue altar of Sif Muna.
  2459 | D:2      | Found a blossoming altar of Fedhas.
  2550 | D:3      | Found a runed translucent door.
  2553 | D:3      | Noticed Arum's ghost (amateur OpFi)
  2554 | D:3      | Noticed a bullfrog
  2894 | D:3      | Found a runed translucent door.
  2917 | D:3      | Reached XP level 5. HP: 46/46 MP: 5/5
  3326 | D:4      | Reached skill level 6 in Fighting
  3329 | D:4      | Found a staircase to the Ecumenical Temple.
  3343 | D:4      | Found a basalt altar of Yredelemnul.
  3346 | Temple   | Entered the Ecumenical Temple
  3451 | Temple   | Became a worshipper of Gozag Ym Sagoz the Greedy
  3587 | D:4      | Found a sacrificial altar of Ru.
  3733 | D:4      | Reached XP level 6. HP: 24/52 MP: 6/6
  4151 | D:5      | Entered Level 5 of the Dungeon
  4614 | D:5      | Noticed an ice beast
  4634 | D:5      | Killed an ice beast
  4634 | D:5      | Reached XP level 7. HP: 17/59 MP: 7/7
  5197 | D:5      | Found Tinnuf's Antique Armour Shop.
  5245 | D:5      | Bought a buckler for 108 gold pieces
  5250 | D:5      | Bought a shield for 108 gold pieces
  5311 | D:5      | Reached skill level 7 in Fighting
  6349 | D:5      | Found a snail-covered altar of Cheibriados.
  6606 | D:6      | Reached XP level 8. HP: 61/67 MP: 8/8
  7332 | D:6      | HP: 3/67 [bullfrog (5)]
  7341 | D:6      | HP: 3/67 [bullfrog (2)]
  7346 | D:6      | Shot with an arrow by a centaur

Skill      XL: |  1  2  3  4  5  6  7  8 |
---------------+-------------------------+-----
Fighting       | 5 6 7 |  7.4
Axes           | 1 2 3 |  3.8
Dodging        | 2 |  2.5
Armour         | 2 3 4 |  4.0
Polearms       | |  1.0
Throwing       | |  1.0
Stealth        | |  1.0
Shields        | |  0.3

Action                   |  1- 3 |  4- 6 |  7- 9 || total
-------------------------+-------+-------+-------++-------
Melee: Spear             |   112 |   195 |   169 ||   476
       War axe           |       |    57 |    26 ||    83
Throw: Javelin           |       |     8 |     9 ||    17
Invok: Potion Petition   |       |     1 |       ||     1
  Use: Scroll            |       |     1 |     3 ||     4
 Stab: Sleeping          |     2 |     3 |       ||     5
Armor: Ring mail         |    34 |     6 |       ||    40
       Scale mail        |       |    81 |    22 ||   103
       Chain mail        |       |       |    54 ||    54
Dodge: Dodged            |    45 |   142 |    42 ||   229
Block: Shield            |       |       |    45 ||    45
       Buckler           |       |       |     5 ||     5
